AoeStats
← ecerva.27

Arabia

510242574Analyzed
1v1 RM · 2d ago on Sep 30, 2026· 43m 28s· 2 players
Game mode
Random Map
Map size
Tiny (2 player)
Population
200
Speed
Normal
Resources
Standard
Victory
Conquest
Starting age
Dark Age
Ending age
Imperial Age
RankedLock teamsTeams togetherTeam positionsShared explorationLock speedFull tech treeHidden civsTurbo modeCheats
Victory
Defeat
🇲🇽 Bengalis · Mexico
1197
+17
🇳🇿 Wei · New Zealand
1224
-17
ecerva.27
5:58 Loom
8:58 Feudal Age
10:12 Double-Bit Axe
19:28 Wheelbarrow
19:07 Fletching
21:32 Horse Collar
25:33 Castle Age
26:14 Padded Archer Armor
26:58 Bodkin Arrow
27:57 Scale Barding Armor
28:27 Husbandry
31:26 Ballistics
41:22 Chain Barding Armor
41:13 Forging
44:09 Bloodlines
twitch.tv/kita18786
6:39 Loom
9:07 Feudal Age
9:58 Double-Bit Axe
9:54 Horse Collar
18:33 Padded Archer Armor
18:59 Fletching
23:07 Castle Age
21:51 Gold Mining
22:47 Bloodlines
23:47 Wheelbarrow
24:01 Bow Saw
24:00 Bodkin Arrow
26:38 Leather Archer Armor
26:31 Husbandry
27:24 Town Watch
29:01 Town Patrol
31:17 Elite Skirmisher
34:26 Hand Cart
37:29 Hand Cart
38:28 Pikeman
39:09 Squires
Connection lost

Rejoining the realm…

Still unreachable

The connection could not be restored.

Session expired

The server has moved on; the page needs a fresh start.